 Dungeon Sprint DCSS version 0.17-a0-1210-g1e4f09d (webtiles) character file.

225 nuthulu the Ducker (level 5, 0/61 HPs)
             Began as a Troll Berserker on June 3, 2015.
             Was a Priest of Trog.
             Slain by a tentacle (15 damage)
             ... attached to a kraken
             ... in the Dungeon (Sprint II: "The Violet Keep of Menkaure").
             The game lasted 00:01:57 (247 turns).

nuthulu the Ducker (Troll Berserker)                 Turns: 247, Time: 00:01:57

Health: 0/61       AC:  5    Str: 26    XL:     5   Next: 68%
Magic:  4/4        EV: 11    Int:  3    God:    Trog [***...]
Gold:   486        SH:  0    Dex:  9    Spells: 0 memorised, 4 levels left

rFire  . . .     SeeInvis .     a - +0 mace
rCold  . . .     Clarity  .     b - +0 animal skin
rNeg   . . .     SustAt   .     (no shield)
rPois  .         Gourm    +     (helmet restricted)
rElec  .         Spirit   .     (no cloak)
rCorr  .         Warding  .     (gloves unavailable)
rMut   .         NoTele   +     (boots unavailable)
MR     .....                    (no amulet)
Stlth  +.........               (no ring)
                                (no ring)

@: not resistant to hostile enchantments, very unstealthy
A: unfitting armour, claws 3, fast metabolism 3, gourmand, regeneration 2,
shaggy fur 1, tough skin 2
a: Burn Spellbooks, Berserk, Trog's Hand, Renounce Religion


You were in the Dungeon.
You worshipped Trog.
Trog was most pleased with you.
You were very full.

You visited 1 branch You collected 486 gold pieces.

Inventory:

Hand weapons
 a - a +0 mace (weapon)
Armour
 b - a +0 animal skin (worn)
Scrolls
 i - a scroll of blinking
Potions
 f - a potion of haste
 g - 2 potions of magic
 h - a potion of berserk rage
Comestibles
 c - a bread ration


   Skills:
 + Level 6.3 Fighting
 + Level 6.3 Maces & Flails
 + Level 6.4 Dodging


You had 4 spell levels left.
You didn't know any spells.

Dungeon Overview and Level Annotations

Branches:
Dungeon (1/1)

Altars:

Shops:
D [*:=(!}:!!?[%=[(

Annotations:
D exclusion: oklob plant


Innate Abilities, Weirdness & Mutations

You are too large for most types of armour.
You have claws for hands.
Your metabolism is lightning-fast.
You like to eat raw meat.
You heal very quickly.
You are covered in fur (AC +1).
You have very tough skin (AC +2).


Message History

The hippogriff screeches!
Found 243 gold pieces.
As you close the door, it creaks loudly!
There is a staircase leading out of the dungeon here.
You open the door. 2 boulder beetles come into view.
The boulder beetle twitches its antennae in your direction. x2
Found 243 gold pieces.
You close the door.
There is an open door here.
As you open the door, it creaks loudly!
There is an open door, spattered with blood here.
A kraken comes into view.
Tentacles burst out of the water!
The tentacle slaps you. The tentacle slaps you!!
The walls and floor vibrate strangely for a moment.
The tentacle slaps you!!
* * * LOW HITPOINT WARNING * * *
The tentacle slaps you!
You die...

+.§...8§§...#
###§§§§§§§.. #≈##
.§...
####≈≈#+++#+++##
###≈≈≈.........#
.∩#≈≈≈≈.##'##..#
∩.#≈≈≈≈##..###.####
.∩#≈≈≈≈#..##.#....#
∩.#≈≈####.#.####@w##
..#≈##.###'## .##w*#
..#≈##..##.##B..#**#
..+≈'.##'.<.+# +**#
..#≈##..##.##.B.#**.
###≈##.###+# .##Xw..
###≈≈###


H#H #≈w§... ##≈≈≈ .# #. ≈§≈≈≈.. +#≈## ## ≈≈≈§≈≈.≈ You could see a kraken and 4
tentacles.

Vanquished Creatures
  Menkaure (D)
  4 worker ants (D)
  3 worms (D)
8 creatures vanquished.

Vanquished Creatures (others)
  24 tentacle segments (D)
24 creatures vanquished.

Grand Total: 32 creatures vanquished

Notes
Turn   | Place    | Note
--------------------------------------------------------------
     0 | D        | nuthulu the Troll Berserker began the quest for the Orb.
     0 | D        | Reached XP level 1. HP: 22/22 MP: 0/0
     1 | D        | Noticed a worker ant
     1 | D        | Noticed a worker ant
     1 | D        | Noticed a worker ant
     1 | D        | Noticed a worker ant
    10 | D        | Killed a worker ant
    10 | D        | Reached skill level 3 in Fighting
    10 | D        | Reached XP level 2. HP: 5/31 MP: 1/1
    10 | D        | HP: 1/31 [worker ant (3)]
    15 | D        | Killed a worker ant
    15 | D        | Acquired Trog's second power
    15 | D        | Reached skill level 4 in Fighting
    15 | D        | Reached XP level 3. HP: 15/39 MP: 2/2
    21 | D        | Killed a worker ant
    21 | D        | Reached XP level 4. HP: 7/49 MP: 3/3
    23 | D        | Killed a worker ant
    23 | D        | Reached skill level 5 in Maces & Flails
    62 | D        | Found Toid Ehe's Distillery.
    62 | D        | Found Jahunot's Antique Armour Emporium.
    62 | D        | Found Inou's Jewellery Emporium.
    62 | D        | Found Jela's Distillery.
    62 | D        | Found Jun Attu's Magic Scroll Shoppe.
    63 | D        | Found Amen's Book Shoppe.
    63 | D        | Found Jeulug's Antique Weapon Emporium.
    63 | D        | Found Zuivibb's Food Shoppe.
    63 | D        | Found Borang's Antique Armour Shoppe.
    64 | D        | Found Vaclipoy's Gadget Shoppe.
    64 | D        | Found Emoluj's Distillery.
    64 | D        | Noticed a death yak
    66 | D        | Noticed a slime creature
    66 | D        | Found Pituec's Weapon Emporium.
    66 | D        | Found Xedaabb's Jewellery Shoppe.
    66 | D        | Noticed Menkaure
    66 | D        | Noticed an oklob plant
    67 | D        | Found Xeisch's General Store.
    67 | D        | Found Ytites's Book Shoppe.
    67 | D        | Found Zahaked's Armour Emporium.
    68 | D        | Noticed a slime creature
    69 | D        | Noticed a slime creature
    83 | D        | Killed Menkaure
    83 | D        | Reached skill level 6 in Fighting
    83 | D        | Reached XP level 5. HP: 59/59 MP: 4/4
   129 | D        | Noticed an ice statue
   225 | D        | Noticed a hippogriff
   225 | D        | Noticed a hippogriff
   230 | D        | Noticed a boulder beetle
   230 | D        | Noticed a boulder beetle
   245 | D        | Noticed a kraken
   247 | D        | Slain by a tentacle

Vault maps used:
D:        the_violet_keep_of_menkaure

Action                   |  1- 3 |  4- 6 || total
-------------------------+-------+-------++-------
Melee: Mace              |    17 |    19 ||    36
Invok: Berserk           |     1 |     1 ||     2
  Use: Potion            |     1 |     1 ||     2
  Eat: Chunk             |       |     5 ||     5
       Bread ration      |       |     1 ||     1
